Map: Orbital Shipyard

Players

Chris (MCanning) - Winner!

  • Race: Protoss Protoss
  • League: Grandmaster

Ward

  • Race: Terran Terran
  • League: Diamond

Event: Gauntlet LotV Series 1 Qualifier 1

VOD

Have the link to the VOD?

Description

Time

  • Played on: Nov. 22, 2015, 3:38 p.m.
  • Length: 13:24

All games in this series

Show
View Real Time Build Order
Export as new Build Order

Chris Protoss - Winner!

Build Orders: 1 Gate Expand, Oracle Opening 

Get SALT Encoding   

  12  0:01  Probe (Chrono Boost)  
  13  0:11  Probe (Chrono Boost)  
  14  0:18  Pylon  
  14  0:22  Probe (Chrono Boost)  
  15  0:36  Probe (Chrono Boost)  
  15  0:37  Gateway  
  16  0:47  Probe (Chrono Boost)  
  16  0:48  Assimilator  
  17  0:58  Probe (Chrono Boost)  
  18  1:08  Probe (Chrono Boost)  
  19  1:22  Nexus  
  19  1:37  Cybernetics Core  
  19  1:40  Assimilator  
  19  1:41  Probe (Chrono Boost)  
  20  1:51  Probe (Chrono Boost)  
  21  1:55  Pylon  
  21  2:02  Probe (Chrono Boost)  
  22  2:14  Mothership Core (Chrono Boost), Adept  
  26  2:30  Pylon  
  26  2:32  Probe (Chrono Boost)  
  26  2:33  Stargate  
  26  2:38  Probe (Chrono Boost)  
  26  2:41  Warp Gate  
  27  2:46  Probe (Chrono Boost)  
  27  2:49  Probe (Chrono Boost)  
  29  2:56  Probe (Chrono Boost)  
  30  2:59  Probe (Chrono Boost)  
  31  3:07  Probe (Chrono Boost)  
  31  3:10  Probe (Chrono Boost)  
  33  3:17  Probe (Chrono Boost), Oracle (Chrono Boost)  
  33  3:19  Probe (Chrono Boost)  
  38  3:29  Probe  
  38  3:30  Probe  
  40  3:41  Probe  
  40  3:42  Probe, Twilight Council  
  40  3:43  Gateway, Pylon  
  42  3:54  Probe  
  43  3:59  Probe  
  44  4:06  Probe  
  45  4:10  Probe  
  45  4:16  Blink (Chrono Boost)  
  46  4:18  Probe  
  46  4:19  Assimilator  
  46  4:20  Probe  
  46  4:23  Assimilator  
  48  4:26  Robotics Facility  
  48  4:28  Pylon  
  48  4:29  Pylon  
  48  4:31  Probe x2  
  50  4:41  Probe  
  50  4:43  Probe  
  52  4:45  Stalker  
  52  4:46  Stalker  
  52  4:52  Probe, Gateway  
  56  4:54  Gateway  
  56  4:56  Gateway  
  56  4:57  Probe  
  58  5:05  Pylon  
  58  5:09  Stalker  
  58  5:10  Forge  
  60  5:14  Probe  
  60  5:16  Observer (Chrono Boost), Pylon  
  62  5:25  Probe  
  62  5:27  Probe  
  64  5:34  Protoss Ground Weapons Level 1 (Chrono Boost)  
  64  5:35  Observer (Chrono Boost)  
  65  5:37  Probe  
  65  5:39  Probe  
  67  5:43  Robotics Bay  
  67  5:45  Nexus  
  67  5:46  Pylon  
  67  5:49  Pylon  
  67  5:56  Probe  
  68  5:58  Sentry  
  68  5:59  Stalker x2  
  68  6:03  Probe  
  75  6:14  Probe  
  75  6:15  Immortal (Chrono Boost)  
  80  6:22  Gateway  
  80  6:23  Probe, Gateway  
  80  6:25  Pylon  
  81  6:26  Probe  
  82  6:35  Probe  
  82  6:38  Stalker x2, Probe  
  88  6:44  Photon Cannon  
  88  6:47  Probe  
  88  6:49  Photon Cannon  
  88  6:51  Probe  
  88  6:54  Disruptor (Chrono Boost)  
  93  6:59  Stalker x2  
  97  7:03  Probe  
  96  7:13  Probe  
  96  7:14  Probe  
  98  7:25  Disruptor (Chrono Boost)  
  98  7:26  Stalker x3  
  107  7:30  Protoss Ground Weapons Level 2  
  107  7:33  Probe  
  108  7:46  Probe  
  108  7:51  Assimilator  
  109  7:52  Zealot x4  
  109  7:53  Zealot x2, Pylon  
  109  7:56  Disruptor (Chrono Boost), Pylon  
  109  7:57  Assimilator  
  124  8:02  Probe  
  125  8:06  Pylon x2  
  125  8:20  Stalker  
  125  8:21  Stalker x5  
  125  8:23  Probe  
  125  8:26  Probe  
  125  8:27  Disruptor (Chrono Boost)  
  142  8:30  Stalker  
  142  8:34  Pylon  
  144  8:36  Pylon x2  
  144  8:49  Probe  
  144  8:53  Probe  
  144  8:54  Probe  
  142  8:58  Disruptor (Chrono Boost)  
  142  9:01  Probe  
  132  9:04  Probe  
  132  9:05  Stalker x3, Probe  
  132  9:06  Stalker x3  
  133  9:16  Probe  
  130  9:21  Probe  
  131  9:29  Probe, Disruptor (Chrono Boost)  
  135  9:31  Protoss Ground Armor Level 1  
  135  9:33  Stalker x5  
  135  9:34  Stalker  
  147  9:44  Dark Shrine  
  147  9:51  Probe  
  148  9:54  Stalker  
  148  9:57  Stalker x5  
  160  10:01  Probe  
  160  10:04  Probe  
  144  10:09  Probe  
  139  10:16  Disruptor (Chrono Boost)  
  139  10:21  Stalker x3  
  142  10:22  Stalker x2  
  146  10:35  Probe  
  145  10:45  Probe x2  
  145  10:47  Stalker x2  
  145  10:48  Stalker x5  
  155  10:52  Probe  
  152  10:57  Disruptor (Chrono Boost)  
  148  11:22  Stalker x6  
  160  11:28  Warp Prism (Chrono Boost)  
  160  11:31  Nexus  
  162  11:33  Pylon  
  162  11:36  Pylon  
  162  11:45  Probe  
  161  11:49  Probe  
  161  11:50  Zealot  
  164  11:55  Zealot  
  164  12:00  Assimilator  
  166  12:04  Assimilator  
  165  12:08  Gateway  
  165  12:09  Observer (Chrono Boost)  
  165  12:11  Gateway  
  165  12:14  Gateway  
  166  12:17  Gateway  
  166  12:21  Pylon  
  166  12:23  Dark Templar x3  
  166  12:24  Dark Templar  
  174  12:45  Probe  
  175  12:55  Stalker x4  
  175  12:56  Stalker x2  
  187  13:06  Probe  
  163  13:21  Stalker x2  
  163  13:22  Stalker  
Show
View Real Time Build Order
Export as new Build Order

Ward Terran 

Build Orders: Reaper Expand, MMM Bio 

Get SALT Encoding   

  12  0:01  SCV  
  13  0:13  SCV  
  14  0:17  Supply Depot  
  14  0:25  SCV  
  15  0:39  SCV  
  15  0:41  Barracks  
  16  0:45  Refinery  
  16  0:51  SCV  
  17  1:03  SCV  
  18  1:15  SCV  
  19  1:28  Orbital Command  
  19  1:30  Reaper  
  20  1:40  Command Center  
  20  1:54  SCV  
  21  1:56  Supply Depot  
  21  2:08  SCV  
  22  2:09  Barracks Reactor, Engineering Bay  
  22  2:20  SCV  
  23  2:32  SCV  
  23  2:39  Terran Infantry Weapons Level 1  
  24  2:44  SCV, Barracks  
  24  2:45  Marine x2  
  24  2:46  Barracks  
  26  2:52  Orbital Command  
  26  2:57  SCV  
  27  3:03  Missile Turret  
  27  3:05  Missile Turret, Marine  
  27  3:07  Marine  
  27  3:10  SCV  
  30  3:18  SCV  
  31  3:22  SCV  
  31  3:28  Marine x2  
  31  3:30  Marine  
  31  3:32  Marine  
  35  3:36  SCV x2  
  35  3:40  Supply Depot  
  37  3:44  Factory  
  37  3:46  Marine  
  37  3:47  Marine  
  37  3:48  Marine  
  39  3:57  Barracks Tech Lab  
  35  4:04  Marine x2  
  35  4:06  Marine  
  35  4:08  SCV  
  35  4:09  SCV  
  36  4:15  Marine  
  36  4:16  Stimpack  
  36  4:22  Marine  
  37  4:30  Marine x2  
  39  4:32  Missile Turret  
  39  4:34  Refinery  
  39  4:36  SCV x2, Refinery  
  41  4:38  Marine  
  41  4:41  Marine  
  43  4:47  Marine  
  43  4:50  Starport, Bunker, Factory Reactor  
  43  4:52  SCV x2  
  46  4:58  Marine x2  
  48  5:04  SCV x2  
  50  5:07  Command Center  
  50  5:13  Marine x2  
  52  5:16  SCV  
  52  5:17  SCV  
  52  5:20  Marine  
  54  5:22  Marine  
  54  5:23  Liberator  
  54  5:32  Liberator  
  60  5:46  Supply Depot  
  60  5:47  Supply Depot  
  60  5:53  Marine x2  
  60  5:54  Factory Reactor  
  60  5:56  Factory Tech Lab  
  62  5:57  Barracks Tech Lab  
  62  6:04  Refinery  
  62  6:07  Barracks  
  62  6:08  SCV x2  
  62  6:11  Barracks  
  63  6:20  SCV x2  
  63  6:23  Medivac  
  63  6:24  Combat Shields  
  67  6:29  SCV  
  67  6:32  SCV x2, Medivac  
  72  6:39  Marine x2  
  74  6:40  Siege Tank, Marauder x2  
  74  6:44  SCV x2, Orbital Command  
  83  6:53  Medivac  
  85  7:09  Marine x2  
  85  7:11  Barracks Reactor  
  84  7:16  Siege Tank  
  84  7:18  Barracks Reactor  
  84  7:19  Marauder x2  
  91  7:26  SCV  
  91  7:27  SCV  
  93  7:34  Marine x2  
  95  7:37  Supply Depot  
  95  7:38  Supply Depot, Terran Infantry Armor Level 1  
  95  7:39  Supply Depot, Orbital Command  
  92  7:45  Marauder x2  
  96  7:55  Marine x3  
  96  7:56  Marine x2  
  101  7:59  SCV x2  
  101  8:05  Ghost Academy  
  103  8:08  SCV  
  103  8:11  SCV x2  
  106  8:20  SCV, Missile Turret, Marine x6  
  106  8:21  Marauder x2  
  106  8:23  SCV  
  106  8:25  SCV  
  119  8:32  SCV  
  120  8:34  Barracks  
  120  8:37  Barracks x2  
  120  8:39  Medivac x2  
  124  8:42  Marine  
  124  8:47  Marine x2  
  124  8:48  Marauder  
  112  8:58  Marine x3  
  112  8:59  Marauder  
  101  9:09  Marauder  
  96  9:16  Marine x4  
  94  9:18  SCV x3  
  97  9:28  Barracks Tech Lab x3  
  97  9:30  SCV x2, Liberator, Marine x3  
  102  9:34  Engineering Bay  
  102  9:35  Siege Tank  
  102  9:37  Armory, Medivac  
  109  9:39  SCV  
  109  9:42  SCV, Marine x2  
  109  9:43  Refinery, Marine x2  
  115  9:50  Liberator  
  93  10:13  Liberator  
  87  10:16  Marine x2  
  87  10:17  Marine x5  
  87  10:18  Marauder x4  
  101  10:24  Siege Tank  
  104  10:32  Liberator  
  89  10:36  Marauder  
  89  10:38  Marine  
  89  10:39  Marauder, Marine x2  
  89  10:40  Marauder x3  
  85  10:51  Marine x3  
  81  10:57  Marauder  
  81  10:58  Siege Tank  
  81  11:01  Marauder x4  
  90  11:07  Marine x3  
  90  11:09  Marine  
  86  11:18  Marine x3  
  83  11:20  SCV x2  
  83  11:22  Marauder x2, Marine  
  83  11:23  Marauder  
  95  11:33  Medivac x2  
  95  11:37  Marauder  
  98  11:48  Marine x4  
  98  11:49  Marine  
  98  11:50  Marauder x2  
  98  11:53  SCV x2  
  109  11:56  Concussive Shells  
  109  12:12  Marine  
  110  12:31  Marine  
  110  12:32  Orbital Command  
  110  12:36  Command Center  
Tags
 
Add a new tag
Caveats
  • Supply blocks, unpowered buildings, or Contaminate may cause inaccurate times.
  • Supply counts are checked every 10 seconds.